Flames vs Panthers (R1)

Created - October 31, 2018 at 19:39

Goals
1 2 3 T
Flames 0 0 3 3
Panthers 1 0 1 2
Shots
1 2 3 T
Flames 10 11 10 31
Panthers 8 7 11 26

1st period

1. Panthers , Eric Wellwood 1 (Kyle Clifford 8, Mike Weber 2) at 18:19

Penalties :
Brad Marchand (Cal) for Interference (Minor) at 1:55, David Backes (Cal) for Hooking (Minor) at 6:36, Cédric Lalonde-McNicoll (Flo) for Hooking (Minor) at 10:57, Mike Weber (Flo) for Tripping (Minor) at 13:43, Alexander Semin (Cal) for Hooking (Minor) at 19:00

2nd period

No Goal

Penalties :
Alexander Perezhogin (Flo) for Tripping (Minor) at 4:03, Peter Prucha (Cal) for Slashing (Minor) at 11:04, Mike Weber (Flo) for Holding (Minor) at 17:33, Steve Regier (Cal) for Hooking (Minor) at 19:44

3rd period

2. Flames , Alexander Semin 5 (Steve Regier 2) at 2:26 (PP)
3. Panthers , Jonathan Matsumoto 4 (Alexander Perezhogin 2, William Colbert 1) at 4:50
4. Flames , Jonathan Ferland 1 (Mikhail Grabovski 1, Steve Regier 3) at 12:58
5. Flames , David Ullstrom 3 (Erik Johnson 4, Sami Vatanen 3) at 15:32

Penalties :
Jean-Gabriel Pageau (Flo) for Hooking (Minor) at 0:37, Alexander Perezhogin (Flo) for Interference (Minor) at 10:51, Kyle Clifford (Flo) for Cross-checking (Minor) at 16:46, Eric Wellwood (Flo) for Hooking (Minor) at 18:14

Goalie Stats

Pekka Rinne (Cal), 24 saves from 26 shots - (0.923), W, 2-5-0, 60:00 minutes
Petr Mrazek (Flo), 28 saves from 31 shots - (0.903), L, 2-2-0, 60:00 minutes

Players Stats for Flames

Player Name              G  A  P  +/- PIM S  H  SB GA TA FO     MP     PP MP  PK MP  
------------------------------------------------------------------------------------
Alexander Semin          1  0  1   0  2   4  1  1  0  2  0/0    22:46   7:48   3:38 
Brad Marchand            0  0  0  -1  2   3  2  0  1  0  0/0    20:42   5:57   3:24 
Brendan Mikkelson        0  0  0   0  0   0  0  1  0  0  0/0    15:32   0:00   3:59 
Colin Wilson             0  0  0   0  0   2  0  0  0  0  2/6     8:30   0:00   0:00 
David Backes             0  0  0   0  2   2  3  0  0  0  1/2    18:55   7:05   0:00 
David Ullstrom           1  0  1   0  0   3  0  0  0  0  1/1     8:30   0:00   0:00 
Derek Meech              0  0  0  -1  0   0  1  0  0  2  0/0    20:45   5:47   4:50 
Eric Staal               0  0  0   0  0   3  3  0  1  0  17/32  23:40   7:02   4:16 
Erik Johnson             0  1  1   1  0   1  2  0  0  0  0/0    23:43   8:04   0:00 
Jonathan Ferland         1  0  1   1  0   1  0  0  0  0  0/0     8:01   0:13   1:47 
Jordin Tootoo            0  0  0   0  0   5  2  0  0  0  0/0    15:12   5:50   0:00 
Mikhail Grabovski        0  1  1   1  0   2  2  0  0  0  1/5    11:01   0:09   4:33 
Patrik Berglund          0  0  0  -1  0   0  3  0  1  0  7/10   16:43   6:40   0:00 
Peter Prucha             0  0  0  -1  2   2  2  0  0  1  0/1     9:55   0:00   0:00 
Sami Vatanen             0  1  1   1  0   0  1  0  0  0  0/0    22:40   6:30   0:00 
Steve Eminger            0  0  0  -1  0   1  1  3  0  1  0/0    15:19   0:00   4:50 
Steve Regier             0  2  2   1  2   1  1  1  0  0  0/0     6:05   0:49   0:00 
Tom Poti                 0  0  0   0  0   1  2  0  0  0  0/0    22:01   7:21   3:59 

Players Stats for Panthers

Player Name              G  A  P  +/- PIM S  H  SB GA TA FO     MP     PP MP  PK MP  
------------------------------------------------------------------------------------
Alex Galchenyuk          0  0  0   0  0   2  1  0  1  0  0/0    14:29   3:45   1:58 
Alexander Perezhogin     0  1  1   0  4   0  0  0  0  0  0/0    10:01   0:13   0:00 
Brandon Gormley          0  0  0   0  0   0  1  1  0  0  0/0    13:28   3:18   1:27 
Brayden Schenn           0  0  0  -1  0   2  2  1  0  0  18/37  23:36   4:51   6:36 
Cédric Lalonde-McNicoll  0  0  0   0  2   0  0  0  0  0  2/4     7:17   0:00   0:00 
Daniel Sedin             0  0  0   0  0   2  1  0  0  0  0/0    11:15   0:00   3:36 
Drew Stafford            0  0  0  -1  0   1  2  0  0  0  1/2    18:36   3:45   6:53 
Eric Wellwood            1  0  1   1  2   2  1  0  0  0  0/0    13:21   0:09   3:43 
Erik Gudbranson          0  0  0  -2  0   4  1  2  0  0  0/0    29:50   5:31   7:33 
Jean-Gabriel Pageau      0  0  0   0  2   1  1  0  1  0  6/10   15:56   3:44   4:24 
Jonathan Matsumoto       1  0  1   1  0   2  0  0  0  0  0/1     9:29   0:13   0:00 
Kyle Clifford            0  1  1   0  2   1  1  0  0  0  0/2    17:15   4:55   0:00 
Matthew Spiller          0  0  0  -2  0   3  1  1  1  3  0/0    30:07   5:31   7:40 
Mike Weber               0  1  1   2  4   0  1  2  0  0  0/0    16:37   0:00   4:41 
Patrick Eaves            0  0  0   0  0   3  0  0  0  0  0/0     7:02   0:00   0:00 
Radko Gudas              0  0  0   2  0   1  0  2  1  0  0/0    21:52   3:18   6:21 
Tomas Kopecky            0  0  0   0  0   2  2  0  2  0  1/1    16:02   4:51   0:00 
William Colbert          0  1  1   0  0   0  0  0  0  0  0/0     8:11   0:00   0:00 

3 Stars

1 - Jonathan Ferland (Cal)
2 - Jonathan Matsumoto (Flo)
3 - Steve Regier (Cal)

Power Play

Flames - 1 on 8 Attempt(s) - 12.50%
Panthers - 0 on 5 Attempt(s) - 0.00%

Penalty Kill

Flames - 5 on 5 Attempt(s) - 100.00% - Score 0 goal in Penalty Kill
Panthers - 7 on 8 Attempt(s) - 87.50% - Score 0 goal in Penalty Kill

Team Stat

Flames - Hits : 26 - Faceoff Wins : 29 - Blocked Shots : 6 - Penalty Minutes : 10
Panthers - Hits : 15 - Faceoff Wins : 28 - Blocked Shots : 9 - Penalty Minutes : 16

Official

Referees : Unknown
Linesman : Unknown

Game Notes

No Game Note

Finance

Level 1 -- Attendance: 5826 (97.10%) -- Ticket Income $512,688
Level 2 -- Attendance: 5000 (100.00%) -- Ticket Income $275,000
Level 3 -- Attendance: 1260 (63.00%) -- Ticket Income $63,000
Level 4 -- Attendance: 2851 (71.28%) -- Ticket Income $91,232
Luxury Box -- Attendance: 960 (96.00%) -- Ticket Income $139,200
Game was played at the Bank Atlantic Cente.
Total Attendance: 15897 (88.32%)
Total Ticket Income: $1,081,120
Other Income: $162,168
Total Income: $1,243,288

Flames

5 vs 5 Forward 
   Center                   Left Wing                Right Wing               Time % Phy DF OF 
 1 Eric Staal               Alexander Semin          David Backes             40     0   2  3  
 2 Patrik Berglund          Brad Marchand            Peter Prucha             33     0   2  3  
 3 Colin Wilson             David Ullstrom           Jordin Tootoo            19     0   2  3  
 4 Mikhail Grabovski        Steve Regier             Jonathan Ferland         8      0   2  3  

5 vs 5 Defense 
   Defense                  Defense                                           Time % Phy DF OF 
 1 Erik Johnson             Sami Vatanen                                      38     1   2  2  
 2 Derek Meech              Steve Eminger                                     29     1   2  2  
 3 Brendan Mikkelson        Tom Poti                                          23     1   2  2  
 4 Derek Meech              Steve Eminger                                     10     1   2  2  

PowerPlay Forward 
   Center                   Left Wing                Right Wing               Time % Phy DF OF 
 1 Eric Staal               Alexander Semin          David Backes             60     1   1  3  
 2 Patrik Berglund          Brad Marchand            Jordin Tootoo            40     1   1  3  

PowerPlay Defense
   Defense                  Defense                                           Time % Phy DF OF 
 1 Erik Johnson             Tom Poti                                          60     1   1  3  
 2 Derek Meech              Sami Vatanen                                      40     1   1  3  

Penalty Kill 4 Players Forward 
   Center                   Wing                     Time % Phy DF OF 
 1 Eric Staal               Brad Marchand            50     1   3  1  
 2 Mikhail Grabovski        Alexander Semin          50     1   3  1  

Penalty Kill 4 Players Defense
   Defense                  Defense                  Time % Phy DF OF 
 1 Derek Meech              Steve Eminger            58     1   3  1  
 2 Brendan Mikkelson        Tom Poti                 42     1   3  1  

Penalty Kill - 3 Players Forward 
   Forward                                           Time % Phy DF OF 
 1 Eric Staal                                        50     1   3  1  
 2 David Backes                                      50     1   3  1  

Penalty Kill - 3 Players Defense
   Defense                  Defense                  Time % Phy DF OF 
 1 Derek Meech              Steve Eminger            58     1   3  1  
 2 Brendan Mikkelson        Tom Poti                 42     1   3  1  

4 vs 4 Forward 
   Center                   Wing                     Time % Phy DF OF 
 1 Eric Staal               David Backes             60     1   2  2  
 2 Patrik Berglund          Alexander Semin          40     1   2  2  

4 vs 4 Defense
   Defense                  Defense                  Time % Phy DF OF 
 1 Erik Johnson             Sami Vatanen             60     1   2  2  
 2 Derek Meech              Steve Eminger            40     1   2  2  

Last Minutes Offensive
   Center                   Left Wing                Right Wing               Defense                  Defense                  
   Eric Staal               Alexander Semin          David Backes             Erik Johnson             Sami Vatanen             

Last Minutes Defensive
   Center                   Left Wing                Right Wing               Defense                  Defense                  
   Eric Staal               Alexander Semin          David Backes             Derek Meech              Steve Eminger            

Goaltenders
Starting : Pekka Rinne              
Backup : Jonas Gustavsson         

Extra Forwards
Normal : Brad Marchand, Jordin Tootoo, Patrik Berglund - PP : Jordin Tootoo, Brad Marchand - PK : Jonathan Ferland
Extra Defensemen
Normal : Derek Meech, Steve Eminger, Brendan Mikkelson - PP : Derek Meech - PK : Erik Johnson, Brendan Mikkelson
Penalty Shots
Eric Staal, Alexander Semin, David Backes, Brad Marchand, Jordin Tootoo

Scratches
Vladimir Zharkov (Healthy)

Panthers

5 vs 5 Forward 
   Center                   Left Wing                Right Wing               Time % Phy DF OF 
 1 Brayden Schenn           Kyle Clifford            Tomas Kopecky            40     1   2  2  
 2 Jean-Gabriel Pageau      Alex Galchenyuk          Drew Stafford            30     1   2  2  
 3 Jonathan Matsumoto       Eric Wellwood            Alexander Perezhogin     20     1   2  2  
 4 Cédric Lalonde-McNicoll  Daniel Sedin             Patrick Eaves            10     1   2  2  

5 vs 5 Defense 
   Defense                  Defense                                           Time % Phy DF OF 
 1 Erik Gudbranson          Matthew Spiller                                   40     1   2  2  
 2 Radko Gudas              Mike Weber                                        30     1   2  2  
 3 Brandon Gormley          William Colbert                                   20     1   2  2  
 4 Erik Gudbranson          Matthew Spiller                                   10     1   2  2  

PowerPlay Forward 
   Center                   Left Wing                Right Wing               Time % Phy DF OF 
 1 Brayden Schenn           Kyle Clifford            Tomas Kopecky            60     1   2  2  
 2 Jean-Gabriel Pageau      Alex Galchenyuk          Drew Stafford            40     1   2  2  

PowerPlay Defense
   Defense                  Defense                                           Time % Phy DF OF 
 1 Erik Gudbranson          Matthew Spiller                                   60     1   2  2  
 2 Radko Gudas              Brandon Gormley                                   40     1   2  2  

Penalty Kill 4 Players Forward 
   Center                   Wing                     Time % Phy DF OF 
 1 Brayden Schenn           Drew Stafford            60     1   2  2  
 2 Jean-Gabriel Pageau      Eric Wellwood            40     1   2  2  

Penalty Kill 4 Players Defense
   Defense                  Defense                  Time % Phy DF OF 
 1 Erik Gudbranson          Matthew Spiller          60     1   2  2  
 2 Radko Gudas              Mike Weber               40     1   2  2  

Penalty Kill - 3 Players Forward 
   Forward                                           Time % Phy DF OF 
 1 Brayden Schenn                                    60     1   2  2  
 2 Drew Stafford                                     40     1   2  2  

Penalty Kill - 3 Players Defense
   Defense                  Defense                  Time % Phy DF OF 
 1 Erik Gudbranson          Matthew Spiller          60     1   2  2  
 2 Radko Gudas              Mike Weber               40     1   2  2  

4 vs 4 Forward 
   Center                   Wing                     Time % Phy DF OF 
 1 Brayden Schenn           Kyle Clifford            60     1   2  2  
 2 Jean-Gabriel Pageau      Drew Stafford            40     1   2  2  

4 vs 4 Defense
   Defense                  Defense                  Time % Phy DF OF 
 1 Erik Gudbranson          Matthew Spiller          60     1   2  2  
 2 Radko Gudas              Mike Weber               40     1   2  2  

Last Minutes Offensive
   Center                   Left Wing                Right Wing               Defense                  Defense                  
   Brayden Schenn           Kyle Clifford            Tomas Kopecky            Erik Gudbranson          Matthew Spiller          

Last Minutes Defensive
   Center                   Left Wing                Right Wing               Defense                  Defense                  
   Brayden Schenn           Eric Wellwood            Drew Stafford            Erik Gudbranson          Matthew Spiller          

Goaltenders
Starting : Petr Mrazek              
Backup : Antti Niemi              

Extra Forwards
Normal : Alex Galchenyuk, Brayden Schenn, Kyle Clifford - PP : Alex Galchenyuk, Brayden Schenn - PK : Daniel Sedin
Extra Defensemen
Normal : Brandon Gormley, Mike Weber, Erik Gudbranson - PP : Brandon Gormley - PK : Erik Gudbranson, Brandon Gormley
Penalty Shots
Alex Galchenyuk, Daniel Sedin, Drew Stafford, Kyle Clifford, Brayden Schenn

Scratches
Jonathan Sigalet (Bruised Right Leg Injury), Nigel Dawes (Healthy)

% Time on Ice - Flames

Lines # - Real PCT - Wanted PCT - Time Play
Normal Forward
1 - 31% - 40% - 11:16
2 - 31% - 33% - 11:11
3 - 23% - 19% - 8:30
4 - 15% - 8% - 5:17
Normal Defense
1 - 41% - 38% - 15:00
2 - 33% - 29% - 11:52
3 - 23% - 23% - 8:21
4 - 3% - 10% - 1:01
PP Forward
1 - 52% - 60% - 7:11
2 - 48% - 40% - 6:40
PP Defense
1 - 58% - 60% - 8:04
2 - 42% - 40% - 5:47
PK Forward
1 - 48% - 50% - 4:16
2 - 52% - 50% - 4:33
PK Defense
1 - 55% - 58% - 4:50
2 - 45% - 42% - 3:59
PK3 Forward
1 - 0% - 50%
2 - 0% - 50%
PK3 Defense
1 - 0% - 58%
2 - 0% - 42%
44 Forward
1 - 97% - 60% - 1:04
2 - 3% - 40% - 0:02
44 Defense
1 - 67% - 60% - 0:44
2 - 33% - 40% - 0:22
Last Minute Offensive  - 0:00
Last Minute Defensive  - 0:00
Total
Forward - 60:00
Defense - 60:00

% Time on Ice - Panthers

Lines # - Real PCT - Wanted PCT - Time Play
Normal Forward
1 - 34% - 40% - 12:09
2 - 22% - 30% - 7:55
3 - 25% - 20% - 9:08
4 - 19% - 10% - 7:02
Normal Defense
1 - 43% - 40% - 15:41
2 - 34% - 30% - 12:22
3 - 23% - 20% - 8:11
4 - 0% - 10% - 0:00
PP Forward
1 - 57% - 60% - 5:04
2 - 43% - 40% - 3:45
PP Defense
1 - 63% - 60% - 5:31
2 - 37% - 40% - 3:18
PK Forward
1 - 67% - 60% - 8:55
2 - 33% - 40% - 4:25
PK Defense
1 - 53% - 60% - 7:06
2 - 47% - 40% - 6:14
PK3 Forward
1 - 100% - 60% - 0:31
2 - 0% - 40% - 0:00
PK3 Defense
1 - 0% - 60% - 0:00
2 - 100% - 40% - 0:31
44 Forward
1 - 97% - 60% - 1:04
2 - 3% - 40% - 0:02
44 Defense
1 - 70% - 60% - 0:46
2 - 30% - 40% - 0:20
Last Minute Offensive  - 0:00
Last Minute Defensive  - 0:00
Total
Forward - 60:00
Defense - 60:00

Play by Play

1st period


0:01 of 1st period - Brayden Schenn wins face-off versus Eric Staal in neutral zone.
0:26 of 1st period - Drew Stafford is hit by Patrik Berglund.
0:36 of 1st period - Snap shot by Jean-Gabriel Pageau.
0:36 of 1st period - Shot Misses the Net.
0:54 of 1st period - Slapshot by Patrick Eaves.
0:54 of 1st period - Shot Misses the Net.
1:10 of 1st period - Snap shot by Eric Wellwood.
1:10 of 1st period - Shot Misses the Net.
1:12 of 1st period - Slapshot by Mike Weber.
1:12 of 1st period - Shot Misses the Net.
1:55 of 1st period - Minor Penalty to Brad Marchand for Interference.
1:56 of 1st period - Brayden Schenn wins face-off versus Eric Staal in Flames zone.
2:20 of 1st period - Matthew Spiller is hit by Mikhail Grabovski and loses puck.
2:27 of 1st period - Snap shot by Mikhail Grabovski.
2:27 of 1st period - Stopped by Petr Mrazek without a rebound.
2:28 of 1st period - Drew Stafford wins face-off versus Mikhail Grabovski in Panthers zone.
3:55 of 1st period - Penalty to Brad Marchand is over, Brad Marchand is back on ice.
4:01 of 1st period - Slapshot by Eric Staal.
4:01 of 1st period - Stopped by Petr Mrazek with a rebound.
4:24 of 1st period - Erik Johnson is hit by Mike Weber and loses puck.
4:31 of 1st period - Cédric Lalonde-McNicoll is hit by Erik Johnson.
4:32 of 1st period - Icing by Cédric Lalonde-McNicoll.
4:33 of 1st period - Colin Wilson wins face-off versus Cédric Lalonde-McNicoll in Panthers zone.
4:48 of 1st period - Wrist shot by Jordin Tootoo.
4:48 of 1st period - Stopped by Petr Mrazek with a rebound.
5:02 of 1st period - Slapshot by Brad Marchand.
5:02 of 1st period - Stopped by Petr Mrazek without a rebound.
5:03 of 1st period - Patrik Berglund wins face-off versus Brayden Schenn in Panthers zone.
5:08 of 1st period - Snap shot by Brad Marchand.
5:08 of 1st period - Shot Misses the Net.
5:10 of 1st period - Snap shot by Brad Marchand.
5:10 of 1st period - Stopped by Petr Mrazek with a rebound.
5:12 of 1st period - Wrist shot by Brad Marchand.
5:12 of 1st period - Deflect By Peter Prucha.
5:12 of 1st period - Shot Misses the Net.
5:12 of 1st period - Puck is out of play.
5:13 of 1st period - Brayden Schenn wins face-off versus Colin Wilson in Panthers zone.
5:36 of 1st period - Snap shot by Kyle Clifford.
5:36 of 1st period - Shot Misses the Net.
6:00 of 1st period - Snap shot by Erik Johnson.
6:00 of 1st period - Shot Blocked by Brandon Gormley.
6:08 of 1st period - Slapshot by Colin Wilson.
6:08 of 1st period - Stopped by Petr Mrazek without a rebound.
6:09 of 1st period - Jean-Gabriel Pageau wins face-off versus Patrik Berglund in Panthers zone.
6:14 of 1st period - Slapshot by Erik Gudbranson.
6:14 of 1st period - Stopped by Pekka Rinne with a rebound.
6:20 of 1st period - Erik Gudbranson is hit by Brad Marchand and loses puck.
6:36 of 1st period - Minor Penalty to David Backes for Hooking.
6:37 of 1st period - Jean-Gabriel Pageau wins face-off versus Mikhail Grabovski in Flames zone.
7:02 of 1st period - Erik Gudbranson is hit by Alexander Semin and loses puck.
8:36 of 1st period - Penalty to David Backes is over, David Backes is back on ice.
8:46 of 1st period - Eric Staal is hit by Brandon Gormley and loses puck.
9:07 of 1st period - Mike Weber is hit by Eric Staal and loses puck.
10:17 of 1st period - Slapshot by Erik Gudbranson.
10:17 of 1st period - Shot Blocked by Steve Eminger.
10:57 of 1st period - Snap shot by Daniel Sedin.
10:57 of 1st period - Stopped by Pekka Rinne without a rebound.
10:57 of 1st period - Minor Penalty to Cédric Lalonde-McNicoll for Hooking.
10:58 of 1st period - Brayden Schenn wins face-off versus Eric Staal in Panthers zone.
12:00 of 1st period - Mike Weber is hit by Brad Marchand and loses puck.
12:57 of 1st period - Penalty to Cédric Lalonde-McNicoll is over, Cédric Lalonde-McNicoll is back on ice.
13:07 of 1st period - Cédric Lalonde-McNicoll is hit by Mikhail Grabovski and loses puck.
13:28 of 1st period - Eric Wellwood is hit by Tom Poti and loses puck.
13:43 of 1st period - Minor Penalty to Mike Weber for Tripping.
13:44 of 1st period - Brayden Schenn wins face-off versus Eric Staal in Panthers zone.
14:24 of 1st period - Wrist shot by Erik Gudbranson.
14:24 of 1st period - Deflect By Patrik Berglund.
14:24 of 1st period - Stopped by Pekka Rinne with a rebound.
15:01 of 1st period - Eric Wellwood is hit by David Backes and loses puck.
15:43 of 1st period - Penalty to Mike Weber is over, Mike Weber is back on ice.
16:09 of 1st period - Jonathan Matsumoto is hit by Jordin Tootoo and loses puck.
16:31 of 1st period - Snap shot by Daniel Sedin.
16:31 of 1st period - Shot Misses the Net.
17:07 of 1st period - Eric Wellwood is hit by Erik Johnson.
17:19 of 1st period - Peter Prucha is hit by Daniel Sedin and loses puck.
18:08 of 1st period - Mike Weber is hit by Steve Regier and loses puck.
18:19 of 1st period - Snap shot by Kyle Clifford.
18:19 of 1st period - Deflect By Eric Wellwood.
18:19 of 1st period - Goal by Eric Wellwood - Flames : 0 - Panthers : 1.
18:20 of 1st period - Eric Staal wins face-off versus Jean-Gabriel Pageau in neutral zone.
18:27 of 1st period - Wrist shot by David Backes.
18:27 of 1st period - Shot Misses the Net.
18:29 of 1st period - Slapshot by Eric Staal.
18:29 of 1st period - Stopped by Petr Mrazek with a rebound.
18:31 of 1st period - Slapshot by David Backes.
18:31 of 1st period - Stopped by Petr Mrazek without a rebound.
18:32 of 1st period - Eric Staal wins face-off versus Brayden Schenn in Panthers zone.
18:35 of 1st period - Slapshot by Eric Staal.
18:35 of 1st period - Shot Blocked by Matthew Spiller.
18:37 of 1st period - Slapshot by Alexander Semin.
18:37 of 1st period - Deflect By Erik Gudbranson.
18:37 of 1st period - Stopped by Petr Mrazek with a rebound.
18:43 of 1st period - Backhand shot by David Backes.
18:43 of 1st period - Stopped by Petr Mrazek without a rebound.
18:44 of 1st period - Brayden Schenn wins face-off versus Eric Staal in Panthers zone.
19:00 of 1st period - Minor Penalty to Alexander Semin for Hooking.
19:01 of 1st period - Brayden Schenn wins face-off versus Mikhail Grabovski in Flames zone.
19:13 of 1st period - Wrist shot by Brayden Schenn.
19:13 of 1st period - Stopped by Pekka Rinne without a rebound.
19:14 of 1st period - Brayden Schenn wins face-off versus Eric Staal in Flames zone.
19:15 of 1st period - Slapshot by Kyle Clifford.
19:15 of 1st period - Shot Misses the Net.
19:17 of 1st period - Wrist shot by Matthew Spiller.
19:17 of 1st period - Shot Misses the Net.
19:19 of 1st period - Slapshot by Matthew Spiller.
19:19 of 1st period - Stopped by Pekka Rinne without a rebound.
19:20 of 1st period - Eric Staal wins face-off versus Brayden Schenn in Flames zone.
19:33 of 1st period - Snap shot by Brayden Schenn.
19:33 of 1st period - Stopped by Pekka Rinne with a rebound.
19:35 of 1st period - Slapshot by Erik Gudbranson.
19:35 of 1st period - Stopped by Pekka Rinne with a rebound.
Goals for this period are 0 for Flames vs 1 for Panthers.
Shots for this period are 10 for Flames vs 8 for Panthers.

2nd period


0:01 of 2nd period - Eric Staal wins face-off versus Brayden Schenn in neutral zone.
1:00 of 2nd period - Penalty to Alexander Semin is over, Alexander Semin is back on ice.
1:12 of 2nd period - Slapshot by Alexander Semin.
1:12 of 2nd period - Shot Misses the Net.
1:14 of 2nd period - Wrist shot by Mikhail Grabovski.
1:14 of 2nd period - Stopped by Petr Mrazek with a rebound.
1:40 of 2nd period - Wrist shot by Alexander Semin.
1:40 of 2nd period - Stopped by Petr Mrazek without a rebound.
1:41 of 2nd period - David Ullstrom wins face-off versus Brayden Schenn in Panthers zone.
2:27 of 2nd period - Snap shot by Jordin Tootoo.
2:27 of 2nd period - Stopped by Petr Mrazek without a rebound.
2:28 of 2nd period - Cédric Lalonde-McNicoll wins face-off versus Patrik Berglund in Panthers zone.
2:28 of 2nd period - Cédric Lalonde-McNicoll is hit by Steve Eminger.
2:34 of 2nd period - Snap shot by Patrick Eaves.
2:34 of 2nd period - Stopped by Pekka Rinne without a rebound.
2:35 of 2nd period - Brayden Schenn wins face-off versus Eric Staal in Flames zone.
2:50 of 2nd period - Erik Johnson is hit by Tomas Kopecky and loses puck.
3:05 of 2nd period - Wrist shot by Peter Prucha.
3:05 of 2nd period - Deflect By Drew Stafford.
3:05 of 2nd period - Stopped by Petr Mrazek without a rebound.
3:06 of 2nd period - Jean-Gabriel Pageau wins face-off versus Patrik Berglund in Panthers zone.
3:17 of 2nd period - Wrist shot by Drew Stafford.
3:17 of 2nd period - Stopped by Pekka Rinne without a rebound.
3:18 of 2nd period - Brayden Schenn wins face-off versus Eric Staal in Flames zone.
3:19 of 2nd period - Snap shot by Kyle Clifford.
3:19 of 2nd period - Stopped by Pekka Rinne without a rebound.
3:20 of 2nd period - Eric Staal wins face-off versus Brayden Schenn in Flames zone.
4:03 of 2nd period - Minor Penalty to Alexander Perezhogin for Tripping.
4:04 of 2nd period - Brayden Schenn wins face-off versus Eric Staal in Panthers zone.
4:37 of 2nd period - Mike Weber is hit by Tom Poti and loses puck.
6:03 of 2nd period - Penalty to Alexander Perezhogin is over, Alexander Perezhogin is back on ice.
6:15 of 2nd period - Slapshot by Radko Gudas.
6:15 of 2nd period - Shot Blocked by Steve Regier.
7:37 of 2nd period - Snap shot by Peter Prucha.
7:37 of 2nd period - Stopped by Petr Mrazek with a rebound.
7:43 of 2nd period - Erik Johnson is hit by Brayden Schenn and loses puck.
7:54 of 2nd period - Snap shot by David Ullstrom.
7:54 of 2nd period - Stopped by Petr Mrazek without a rebound.
7:55 of 2nd period - Cédric Lalonde-McNicoll wins face-off versus Colin Wilson in Panthers zone.
8:21 of 2nd period - Snap shot by Steve Eminger.
8:21 of 2nd period - Stopped by Petr Mrazek with a rebound.
8:27 of 2nd period - Snap shot by Jean-Gabriel Pageau.
8:27 of 2nd period - Stopped by Pekka Rinne without a rebound.
8:28 of 2nd period - Eric Staal wins face-off versus Brayden Schenn in Flames zone.
8:37 of 2nd period - Slapshot by Tom Poti.
8:37 of 2nd period - Shot Misses the Net.
8:39 of 2nd period - Wrist shot by Eric Staal.
8:39 of 2nd period - Shot Blocked by Mike Weber.
8:55 of 2nd period - Brad Marchand is hit by Drew Stafford.
9:05 of 2nd period - Brad Marchand is hit by Alex Galchenyuk and loses puck.
9:27 of 2nd period - Slapshot by Steve Regier.
9:27 of 2nd period - Stopped by Petr Mrazek with a rebound.
9:41 of 2nd period - Wrist shot by Jordin Tootoo.
9:41 of 2nd period - Stopped by Petr Mrazek without a rebound.
9:42 of 2nd period - Eric Staal wins face-off versus Cédric Lalonde-McNicoll in Panthers zone.
10:38 of 2nd period - Wrist shot by Tomas Kopecky.
10:38 of 2nd period - Stopped by Pekka Rinne without a rebound.
10:39 of 2nd period - Patrik Berglund wins face-off versus Brayden Schenn in Flames zone.
10:39 of 2nd period - Patrik Berglund is hit by Tomas Kopecky.
10:44 of 2nd period - Sami Vatanen is hit by Matthew Spiller.
11:04 of 2nd period - Minor Penalty to Peter Prucha for Slashing.
11:05 of 2nd period - Eric Staal wins face-off versus Brayden Schenn in Flames zone.
13:04 of 2nd period - Penalty to Peter Prucha is over, Peter Prucha is back on ice.
13:07 of 2nd period - Matthew Spiller is hit by Peter Prucha and loses puck.
13:26 of 2nd period - Snap shot by Patrick Eaves.
13:26 of 2nd period - Stopped by Pekka Rinne with a rebound.
13:38 of 2nd period - Snap shot by Mikhail Grabovski.
13:38 of 2nd period - Shot Blocked by Erik Gudbranson.
15:53 of 2nd period - David Backes is hit by Jean-Gabriel Pageau and loses puck.
16:04 of 2nd period - Mike Weber is hit by Derek Meech and loses puck.
16:22 of 2nd period - Wrist shot by Patrick Eaves.
16:22 of 2nd period - Stopped by Pekka Rinne with a rebound.
16:53 of 2nd period - Icing by Erik Gudbranson.
16:54 of 2nd period - Mikhail Grabovski wins face-off versus Drew Stafford in Panthers zone.
16:55 of 2nd period - Wrist shot by Jonathan Ferland.
16:55 of 2nd period - Shot Misses the Net.
17:03 of 2nd period - Slapshot by Brad Marchand.
17:03 of 2nd period - Shot Misses the Net.
17:05 of 2nd period - Slapshot by Steve Eminger.
17:05 of 2nd period - Deflect By Brad Marchand.
17:05 of 2nd period - Stopped by Petr Mrazek without a rebound.
17:06 of 2nd period - Eric Staal wins face-off versus Brayden Schenn in Panthers zone.
17:09 of 2nd period - Slapshot by Eric Staal.
17:09 of 2nd period - Stopped by Petr Mrazek without a rebound.
17:10 of 2nd period - Eric Staal wins face-off versus Brayden Schenn in Panthers zone.
17:33 of 2nd period - Minor Penalty to Mike Weber for Holding.
17:34 of 2nd period - Eric Staal wins face-off versus Brayden Schenn in Panthers zone.
18:58 of 2nd period - Eric Wellwood is hit by David Backes and loses puck.
19:33 of 2nd period - Penalty to Mike Weber is over, Mike Weber is back on ice.
19:44 of 2nd period - Minor Penalty to Steve Regier for Hooking.
19:45 of 2nd period - Brayden Schenn wins face-off versus Mikhail Grabovski in Flames zone.
Goals for this period are 0 for Flames vs 0 for Panthers.
Shots for this period are 11 for Flames vs 7 for Panthers.

3rd period


0:01 of 3rd period - Tomas Kopecky wins face-off versus Eric Staal in neutral zone.
0:26 of 3rd period - Wrist shot by Alexander Semin.
0:26 of 3rd period - Shot Blocked by Erik Gudbranson.
0:37 of 3rd period - Minor Penalty to Jean-Gabriel Pageau for Hooking.
0:38 of 3rd period - Eric Staal wins face-off versus Brayden Schenn in Panthers zone.
0:54 of 3rd period - Brayden Schenn is hit by Eric Staal and loses puck.
1:15 of 3rd period - Snap shot by Erik Gudbranson.
1:15 of 3rd period - Stopped by Pekka Rinne with a rebound.
1:17 of 3rd period - Slapshot by Matthew Spiller.
1:17 of 3rd period - Deflect By Eric Wellwood.
1:17 of 3rd period - Stopped by Pekka Rinne with a rebound.
1:19 of 3rd period - Slapshot by Erik Gudbranson.
1:19 of 3rd period - Shot Misses the Net.
1:21 of 3rd period - Slapshot by Alex Galchenyuk.
1:21 of 3rd period - Stopped by Pekka Rinne with a rebound.
1:23 of 3rd period - Slapshot by Matthew Spiller.
1:23 of 3rd period - Deflect By Derek Meech.
1:23 of 3rd period - Stopped by Pekka Rinne without a rebound.
1:24 of 3rd period - Eric Staal wins face-off versus Kyle Clifford in Flames zone.
1:44 of 3rd period - Penalty to Steve Regier is over, Steve Regier is back on ice.
1:59 of 3rd period - Snap shot by Alexander Semin.
1:59 of 3rd period - Shot Misses the Net.
2:19 of 3rd period - Daniel Sedin is hit by Sami Vatanen and loses puck.
2:26 of 3rd period - Snap shot by Alexander Semin.
2:26 of 3rd period - Goal by Alexander Semin - Flames : 1 - Panthers : 1.
2:27 of 3rd period - Brayden Schenn wins face-off versus Colin Wilson in neutral zone.
2:57 of 3rd period - Jean-Gabriel Pageau is hit by David Backes and loses puck.
4:03 of 3rd period - Snap shot by Eric Staal.
4:03 of 3rd period - Deflect By David Backes.
4:03 of 3rd period - Shot Misses the Net.
4:03 of 3rd period - Puck is out of play.
4:04 of 3rd period - Jean-Gabriel Pageau wins face-off versus Eric Staal in Panthers zone.
4:50 of 3rd period - Snap shot by Jonathan Matsumoto.
4:50 of 3rd period - Goal by Jonathan Matsumoto - Flames : 1 - Panthers : 2.
4:51 of 3rd period - Brayden Schenn wins face-off versus Eric Staal in neutral zone.
5:28 of 3rd period - Wrist shot by Alex Galchenyuk.
5:28 of 3rd period - Shot Misses the Net.
5:40 of 3rd period - Snap shot by David Ullstrom.
5:40 of 3rd period - Stopped by Petr Mrazek with a rebound.
5:42 of 3rd period - Slapshot by Jordin Tootoo.
5:42 of 3rd period - Deflect By Colin Wilson.
5:42 of 3rd period - Stopped by Petr Mrazek with a rebound.
5:44 of 3rd period - Snap shot by David Ullstrom.
5:44 of 3rd period - Deflect By Jordin Tootoo.
5:44 of 3rd period - Stopped by Petr Mrazek with a rebound.
6:22 of 3rd period - Icing by Eric Staal.
6:23 of 3rd period - Eric Staal wins face-off versus Brayden Schenn in Flames zone.
6:28 of 3rd period - Slapshot by Brendan Mikkelson.
6:28 of 3rd period - Deflect By Alexander Semin.
6:28 of 3rd period - Stopped by Petr Mrazek without a rebound.
6:29 of 3rd period - Eric Staal wins face-off versus Brayden Schenn in Panthers zone.
7:04 of 3rd period - Slapshot by Brad Marchand.
7:04 of 3rd period - Shot Misses the Net.
7:36 of 3rd period - Slapshot by Erik Gudbranson.
7:36 of 3rd period - Shot Blocked by Alexander Semin.
7:38 of 3rd period - Slapshot by Eric Wellwood.
7:38 of 3rd period - Shot Misses the Net.
7:40 of 3rd period - Snap shot by Eric Wellwood.
7:40 of 3rd period - Shot Blocked by Steve Eminger.
7:42 of 3rd period - Slapshot by Matthew Spiller.
7:42 of 3rd period - Stopped by Pekka Rinne without a rebound.
7:43 of 3rd period - Brayden Schenn wins face-off versus Peter Prucha in Flames zone.
7:54 of 3rd period - Wrist shot by Brad Marchand.
7:54 of 3rd period - Deflect By Tomas Kopecky.
7:54 of 3rd period - Shot Blocked by Radko Gudas.
7:54 of 3rd period - Puck is out of play.
7:55 of 3rd period - Eric Staal wins face-off versus Brayden Schenn in Panthers zone.
8:10 of 3rd period - Snap shot by Eric Staal.
8:10 of 3rd period - Shot Misses the Net.
8:12 of 3rd period - Wrist shot by Alexander Semin.
8:12 of 3rd period - Shot Misses the Net.
8:22 of 3rd period - Patrik Berglund is hit by Drew Stafford and loses puck.
8:27 of 3rd period - Backhand shot by Drew Stafford.
8:27 of 3rd period - Shot Misses the Net.
8:29 of 3rd period - Snap shot by Alex Galchenyuk.
8:29 of 3rd period - Stopped by Pekka Rinne without a rebound.
8:30 of 3rd period - Jean-Gabriel Pageau wins face-off versus Eric Staal in Flames zone.
8:54 of 3rd period - Icing by Steve Eminger.
8:55 of 3rd period - Patrik Berglund wins face-off versus Brayden Schenn in Flames zone.
9:10 of 3rd period - Snap shot by Kyle Clifford.
9:10 of 3rd period - Shot Misses the Net.
9:17 of 3rd period - Icing by Derek Meech.
9:18 of 3rd period - David Backes wins face-off versus Jean-Gabriel Pageau in Flames zone.
9:25 of 3rd period - Slapshot by Derek Meech.
9:25 of 3rd period - Shot Blocked by Mike Weber.
9:33 of 3rd period - Slapshot by Alex Galchenyuk.
9:33 of 3rd period - Shot Misses the Net.
9:43 of 3rd period - Derek Meech is hit by Eric Wellwood and loses puck.
9:50 of 3rd period - Snap shot by Jonathan Matsumoto.
9:50 of 3rd period - Stopped by Pekka Rinne with a rebound.
9:52 of 3rd period - Snap shot by Alexander Perezhogin.
9:52 of 3rd period - Shot Misses the Net.
9:54 of 3rd period - Snap shot by Eric Wellwood.
9:54 of 3rd period - Shot Misses the Net.
9:56 of 3rd period - Slapshot by Radko Gudas.
9:56 of 3rd period - Stopped by Pekka Rinne without a rebound.
9:57 of 3rd period - Patrik Berglund wins face-off versus Brayden Schenn in Flames zone.
10:03 of 3rd period - Erik Johnson is hit by Erik Gudbranson and loses puck.
10:06 of 3rd period - Snap shot by Erik Johnson.
10:06 of 3rd period - Shot Blocked by Brayden Schenn.
10:08 of 3rd period - Slapshot by Erik Johnson.
10:08 of 3rd period - Stopped by Petr Mrazek with a rebound.
10:51 of 3rd period - Minor Penalty to Alexander Perezhogin for Interference.
10:52 of 3rd period - Eric Staal wins face-off versus Brayden Schenn in Panthers zone.
12:36 of 3rd period - Snap shot by Daniel Sedin.
12:36 of 3rd period - Stopped by Pekka Rinne without a rebound.
12:37 of 3rd period - Jean-Gabriel Pageau wins face-off versus Eric Staal in Flames zone.
12:51 of 3rd period - Penalty to Alexander Perezhogin is over, Alexander Perezhogin is back on ice.
12:58 of 3rd period - Snap shot by Jonathan Ferland.
12:58 of 3rd period - Goal by Jonathan Ferland - Flames : 2 - Panthers : 2.
12:59 of 3rd period - Patrik Berglund wins face-off versus Jean-Gabriel Pageau in neutral zone.
13:33 of 3rd period - Slapshot by Tomas Kopecky.
13:33 of 3rd period - Shot Misses the Net.
13:35 of 3rd period - Snap shot by Kyle Clifford.
13:35 of 3rd period - Deflect By Tomas Kopecky.
13:35 of 3rd period - Stopped by Pekka Rinne with a rebound.
13:37 of 3rd period - Snap shot by Tomas Kopecky.
13:37 of 3rd period - Shot Misses the Net.
13:53 of 3rd period - Wrist shot by Jordin Tootoo.
13:53 of 3rd period - Stopped by Petr Mrazek without a rebound.
13:54 of 3rd period - Patrik Berglund wins face-off versus Jean-Gabriel Pageau in Panthers zone.
14:03 of 3rd period - Snap shot by Drew Stafford.
14:03 of 3rd period - Shot Blocked by Brendan Mikkelson.
14:19 of 3rd period - Alexander Semin is hit by Brayden Schenn and loses puck.
14:54 of 3rd period - Snap shot by Cédric Lalonde-McNicoll.
14:54 of 3rd period - Deflect By Patrick Eaves.
14:54 of 3rd period - Shot Blocked by Steve Eminger.
14:54 of 3rd period - Puck is out of play.
14:55 of 3rd period - Patrik Berglund wins face-off versus Kyle Clifford in Flames zone.
14:55 of 3rd period - Patrik Berglund is hit by Kyle Clifford.
15:03 of 3rd period - Matthew Spiller is hit by Peter Prucha and loses puck.
15:32 of 3rd period - Snap shot by David Ullstrom.
15:32 of 3rd period - Goal by David Ullstrom - Flames : 3 - Panthers : 2.
15:33 of 3rd period - Colin Wilson wins face-off versus Jonathan Matsumoto in neutral zone.
16:39 of 3rd period - Off-side.
16:40 of 3rd period - Brayden Schenn wins face-off versus Colin Wilson in neutral zone.
16:46 of 3rd period - Minor Penalty to Kyle Clifford for Cross-checking.
16:47 of 3rd period - Brayden Schenn wins face-off versus David Backes in Panthers zone.
16:57 of 3rd period - Wrist shot by David Backes.
16:57 of 3rd period - Shot Blocked by Radko Gudas.
16:59 of 3rd period - Slapshot by Erik Johnson.
16:59 of 3rd period - Shot Misses the Net.
17:01 of 3rd period - Slapshot by Tom Poti.
17:01 of 3rd period - Stopped by Petr Mrazek with a rebound.
17:17 of 3rd period - Radko Gudas is hit by Jordin Tootoo and loses puck.
17:36 of 3rd period - Erik Gudbranson is hit by Eric Staal and loses puck.
17:55 of 3rd period - Daniel Sedin is hit by Patrik Berglund and loses puck.
18:14 of 3rd period - Minor Penalty to Eric Wellwood for Hooking.
18:15 of 3rd period - Brayden Schenn wins face-off versus Eric Staal in Panthers zone.
18:38 of 3rd period - Daniel Sedin is hit by Patrik Berglund and loses puck.
18:46 of 3rd period - Penalty to Kyle Clifford is over, Kyle Clifford is back on ice.
Goals for this period are 3 for Flames vs 1 for Panthers.
Shots for this period are 10 for Flames vs 11 for Panthers.